General information
- name: BNet
- type: Ladder team game (AT/RT)
- host: Battle.net
- saver: HERNANDO
map: FullScaleAssault
- players: 8
- length: 143:31
- speed: Fast
- version: 1.21 W3XP
- replay type: Public
» download(478 KB)
Players
team 1 (loser)
AKA- (
yellow | 65 APM | 891 actions | 13:43)
4 Death Knight
2 Death Coil
2 Unholy Aura
2 Lich
2 Frost Nova
» actions
| Assign group hotkey | 44 | |
| Basic commands | 3 | |
| Build / train | 61 | |
| Enter build submenu | 22 | |
| Enter hero's abilities submenu | 6 | |
| Right click | 324 | |
| Select / deselect | 235 | |
| Select group hotkey | 137 | |
| Use ability | 59 | |
891 total
» units
| Acolyte | 3 | |
| Ghoul | 7 | |
| Crypt Fiend | 9 | |
| Goblin Shredder | 1 | |
| Frost Wyrm | 13 | |
| Goblin Zeppelin | 1 | |
34 total
» upgrades
| Creature Attack | 3 | |
| Creature Carapace | 3 | |
| Web | 1 | |
| Freezing Breath | 1 | |
8 total
» buildings
| Graveyard | 2 | |
| Crypt | 1 | |
| Altar of Darkness | 1 | |
| Ziggurat | 10 | |
| Halls of the Dead | 2 | |
| Tomb of Relics | 1 | |
| Nerubian Tower | 1 | |
| Black Citadel | 1 | |
| Sacrificial Pit | 1 | |
| Boneyard | 4 | |
24 total
» build order
00:10 Graveyard
00:16 Graveyard
00:37 Crypt
00:52 Altar of Darkness
01:03 Ziggurat
01:48 Halls of the Dead
01:48 Halls of the Dead
02:01 Ziggurat
02:24 Ziggurat
02:33 Ziggurat
02:39 Tomb of Relics
02:55 Nerubian Tower
04:10 Black Citadel
04:14 Sacrificial Pit
06:34 Boneyard
06:36 Boneyard
06:38 Boneyard
06:53 Boneyard
07:16 Ziggurat
07:19 Ziggurat
07:22 Ziggurat
07:26 Ziggurat
07:28 Ziggurat
10:01 Ziggurat
» items
| Rod of Necromancy | 1 | |
| Potion of Healing | 1 | |
2 total
Check.And.Mate (
teal | 32 APM | 576 actions | 18:06)
2 Blademaster
1 Wind Walk
1 Critical Strike
1 Tauren Chieftain
1 Endurance Aura
» actions
| Assign group hotkey | 1 | |
| Basic commands | 3 | |
| Build / train | 45 | |
| Enter build submenu | 19 | |
| Enter hero's abilities submenu | 3 | |
| Give item / drop item | 2 | |
| Right click | 237 | |
| Select / deselect | 194 | |
| Select group hotkey | 21 | |
| Use ability | 50 | |
576 total
» units
» upgrades
| Armor | 1 | |
| Melee Weapons | 1 | |
| Creature Carapace | 1 | |
| Shaman Training | 1 | |
4 total
» buildings
| Altar of Storms | 1 | |
| Orc Burrow | 2 | |
| War Mill | 1 | |
| Voodoo Lounge | 1 | |
| Watch Tower | 9 | |
| Great Hall | 1 | |
| Stronghold | 1 | |
| Spirit Lodge | 2 | |
| Fortress | 1 | |
19 total
» build order
00:17 Altar of Storms
00:21 Orc Burrow
01:29 War Mill
02:06 Voodoo Lounge
02:49 Watch Tower
03:56 Watch Tower
04:55 Watch Tower
05:11 Watch Tower
05:47 Watch Tower
06:05 Orc Burrow
06:37 Great Hall
06:41 Watch Tower
07:51 Watch Tower
09:13 Watch Tower
10:32 Watch Tower
11:56 Stronghold
16:14 Spirit Lodge
16:16 Spirit Lodge
16:18 Fortress
» items
| Staff of Teleportation | 1 | |
| Circlet of Nobility | 1 | |
| Boots of Speed | 1 | |
| Lesser Clarity Potion | 3 | |
| Healing Salve | 1 | |
| Orb of Corruption | 1 | |
8 total
CoCaiN[e] (
green | 13 APM | 1930 actions | 143:27)
4 Death Knight
2 Death Coil
2 Unholy Aura
2 Lich
1 Frost Nova
1 Dark Ritual
» actions
| Assign group hotkey | 53 | |
| Basic commands | 15 | |
| Build / train | 81 | |
| Enter build submenu | 92 | |
| Enter hero's abilities submenu | 7 | |
| Give item / drop item | 2 | |
| Right click | 805 | |
| Select / deselect | 418 | |
| Select group hotkey | 318 | |
| Use ability | 139 | |
1930 total
» units
| Acolyte | 8 | |
| Ghoul | 3 | |
| Crypt Fiend | 8 | |
| Frost Wyrm | 4 | |
| Peon | 9 | |
32 total
» upgrades
| Creature Attack | 3 | |
| Web | 1 | |
| Burrow | 1 | |
| Creature Carapace | 3 | |
| Freezing Breath | 1 | |
| Reinforced Defenses | 1 | |
10 total
» buildings
| Crypt | 1 | |
| Graveyard | 1 | |
| Altar of Darkness | 1 | |
| Ziggurat | 51 | |
| Tomb of Relics | 1 | |
| Nerubian Tower | 1 | |
| Necropolis | 7 | |
| Halls of the Dead | 2 | |
| Black Citadel | 1 | |
| Sacrificial Pit | 1 | |
| Boneyard | 3 | |
| Spirit Tower | 19 | |
| Watch Tower | 41 | |
| Fortress | 2 | |
132 total
» build order
00:16 Crypt
00:22 Graveyard
00:44 Altar of Darkness
00:59 Ziggurat
01:53 Ziggurat
02:02 Tomb of Relics
02:13 Nerubian Tower
03:57 Ziggurat
06:00 Necropolis
06:04 Halls of the Dead
06:04 Halls of the Dead
06:48 Ziggurat
09:56 Black Citadel
11:00 Sacrificial Pit
12:27 Boneyard
12:28 Boneyard
12:29 Boneyard
14:28 Ziggurat
14:30 Ziggurat
14:33 Ziggurat
14:35 Ziggurat
14:41 Ziggurat
14:42 Ziggurat
14:43 Ziggurat
14:46 Ziggurat
15:39 Spirit Tower
19:14 Spirit Tower
19:24 Watch Tower
19:26 Spirit Tower
19:27 Spirit Tower
19:27 Spirit Tower
19:29 Ziggurat
19:31 Ziggurat
19:35 Ziggurat
19:37 Ziggurat
19:38 Ziggurat
19:51 Watch Tower
19:52 Watch Tower
19:53 Watch Tower
19:54 Watch Tower
19:55 Fortress
19:55 Fortress
20:41 Spirit Tower
21:04 Ziggurat
21:05 Ziggurat
21:06 Ziggurat
21:07 Ziggurat
21:09 Ziggurat
21:20 Ziggurat
21:21 Ziggurat
21:26 Ziggurat
21:27 Ziggurat
21:28 Ziggurat
21:40 Ziggurat
21:40 Ziggurat
21:42 Ziggurat
21:47 Ziggurat
21:48 Ziggurat
22:16 Spirit Tower
22:43 Watch Tower
22:46 Watch Tower
22:50 Watch Tower
22:51 Watch Tower
22:57 Watch Tower
22:59 Watch Tower
23:00 Watch Tower
23:06 Spirit Tower
23:25 Ziggurat
23:26 Ziggurat
24:05 Watch Tower
24:07 Watch Tower
24:15 Watch Tower
24:16 Watch Tower
24:18 Watch Tower
24:20 Watch Tower
25:16 Spirit Tower
25:16 Spirit Tower
25:20 Ziggurat
25:24 Necropolis
25:30 Necropolis
25:34 Necropolis
25:38 Ziggurat
25:42 Ziggurat
25:46 Ziggurat
25:47 Ziggurat
25:50 Ziggurat
25:54 Ziggurat
26:03 Necropolis
26:05 Ziggurat
26:08 Ziggurat
26:33 Necropolis
26:35 Ziggurat
26:36 Ziggurat
26:37 Ziggurat
27:35 Spirit Tower
27:42 Spirit Tower
27:42 Spirit Tower
27:42 Spirit Tower
27:53 Spirit Tower
28:33 Watch Tower
28:34 Watch Tower
28:35 Watch Tower
28:37 Watch Tower
28:40 Watch Tower
28:42 Watch Tower
28:43 Watch Tower
28:45 Watch Tower
28:46 Watch Tower
28:48 Watch Tower
28:52 Watch Tower
28:54 Watch Tower
29:37 Ziggurat
29:50 Watch Tower
29:51 Watch Tower
29:54 Watch Tower
30:02 Watch Tower
30:06 Watch Tower
30:07 Watch Tower
30:13 Watch Tower
30:14 Watch Tower
30:23 Watch Tower
30:25 Watch Tower
30:26 Watch Tower
31:38 Ziggurat
31:44 Ziggurat
31:49 Ziggurat
31:50 Ziggurat
43:36 Necropolis
» items
| Rod of Necromancy | 1 | |
| Potion of Healing | 1 | |
| Dust of Appearance | 1 | |
3 total
LphiE_LaZySMuRF (
blue | 27 APM | 497 actions | 18:27)
3 Blademaster
2 Wind Walk
1 Critical Strike
» actions
| Build / train | 16 | |
| Enter build submenu | 15 | |
| Enter hero's abilities submenu | 3 | |
| Right click | 353 | |
| Select / deselect | 87 | |
| Use ability | 23 | |
497 total
» units
» buildings
| Altar of Storms | 1 | |
| Orc Burrow | 1 | |
| War Mill | 1 | |
| Watch Tower | 6 | |
| Great Hall | 1 | |
| Voodoo Lounge | 1 | |
| Stronghold | 1 | |
12 total
» build order
00:12 Altar of Storms
00:14 Orc Burrow
01:03 War Mill
04:18 Watch Tower
05:10 Watch Tower
06:12 Watch Tower
11:32 Great Hall
12:05 Watch Tower
12:06 Watch Tower
14:08 Voodoo Lounge
14:36 Watch Tower
16:13 Stronghold
team 2 (winner)
erz (
pink | 35 APM | 5026 actions | 143:27)
10 Blademaster
3 Wind Walk
3 Critical Strike
1 Bladestorm
3 Mirror Image
» actions
| Assign group hotkey | 671 | |
| Basic commands | 170 | |
| Build / train | 120 | |
| ESC pressed | 33 | |
| Enter build submenu | 37 | |
| Enter hero's abilities submenu | 10 | |
| Give item / drop item | 12 | |
| Right click | 1824 | |
| Select / deselect | 708 | |
| Select group hotkey | 1140 | |
| Use ability | 280 | |
5026 total
» units
| Peon | 62 | |
| Troll Batrider | 16 | |
| Demolisher | 4 | |
| Troll Headhunter/Berserker | 1 | |
| Goblin Zeppelin | 1 | |
84 total
» upgrades
| Ranged Weapons | 3 | |
| Liquid Fire | 1 | |
| Reinforced Defenses | 1 | |
| Armor | 3 | |
| Burning Oil | 1 | |
| Troll Regeneration | 1 | |
| Berserker Upgrade | 1 | |
| Berserker Strength | 1 | |
| Pillage | 1 | |
13 total
» buildings
| Altar of Storms | 1 | |
| Orc Burrow | 8 | |
| War Mill | 1 | |
| Voodoo Lounge | 4 | |
| Watch Tower | 11 | |
| Stronghold | 1 | |
| Beastiary | 4 | |
| Fortress | 1 | |
| Barracks | 12 | |
| Great Hall | 6 | |
49 total
» build order
00:06 Altar of Storms
00:19 Orc Burrow
00:50 War Mill
01:52 Orc Burrow
02:25 Voodoo Lounge
02:52 Watch Tower
03:30 Stronghold
03:36 Watch Tower
03:37 Watch Tower
05:01 Voodoo Lounge
05:56 Beastiary
05:56 Beastiary
05:59 Orc Burrow
06:30 Fortress
06:58 Voodoo Lounge
07:00 Voodoo Lounge
09:13 Watch Tower
09:16 Watch Tower
09:17 Watch Tower
10:06 Orc Burrow
11:08 Watch Tower
11:09 Watch Tower
11:10 Watch Tower
11:11 Watch Tower
11:12 Watch Tower
17:59 Beastiary
17:59 Beastiary
22:10 Barracks
22:11 Barracks
22:12 Barracks
22:13 Barracks
22:13 Barracks
22:16 Barracks
22:19 Barracks
22:20 Barracks
22:20 Barracks
22:21 Barracks
22:22 Barracks
22:23 Barracks
26:17 Orc Burrow
26:19 Orc Burrow
26:20 Orc Burrow
26:21 Orc Burrow
45:15 Great Hall
45:18 Great Hall
45:19 Great Hall
45:22 Great Hall
45:23 Great Hall
45:23 Great Hall
» items
| Dust of Appearance | 1 | |
| Boots of Speed | 1 | |
| Potion of Lesser Invulnerability | 1 | |
| Staff of Teleportation | 1 | |
| Healing Salve | 1 | |
| Lesser Clarity Potion | 1 | |
| Orb of Lightning | 1 | |
| Tiny Great Hall | 1 | |
| Potion of Healing | 1 | |
| Scroll of Speed | 1 | |
10 total
GapInTheTooth (
red | 18 APM | 2543 actions | 143:27)
8 Archmage
3 Blizzard
3 Brilliance Aura
1 Mass Teleport
1 Summon Water Elemental
» actions
| Assign group hotkey | 8 | |
| Basic commands | 65 | |
| Build / train | 97 | |
| ESC pressed | 14 | |
| Enter build submenu | 38 | |
| Enter hero's abilities submenu | 11 | |
| Give item / drop item | 6 | |
| Remove unit from queue | 1 | |
| Right click | 1155 | |
| Select / deselect | 879 | |
| Select group hotkey | 46 | |
| Use ability | 211 | |
2543 total
» units
| Peasant | 13 | |
| Goblin Shredder | 1 | |
| Siege Engine | 6 | |
| Mur'gul Snarecaster | 3 | |
| Giant Sea Turtle | 4 | |
27 total
» upgrades
| Masonry | 3 | |
| Gunpowder | 3 | |
| Armor | 3 | |
| Magic Sentry | 1 | |
| Lumber Harvesting | 2 | |
| Flare | 1 | |
| Sorceress Training | 2 | |
| Fragmentation Shards | 1 | |
| Plating | 3 | |
| Barrage | 1 | |
20 total
» buildings
| Altar of Kings | 1 | |
| Farm | 8 | |
| Lumber Mill | 1 | |
| Scout Tower | 75 | |
| Guard Tower | 24 | |
| Arcane Tower | 5 | |
| Keep | 1 | |
| Blacksmith | 1 | |
| Arcane Sanctum | 1 | |
| Castle | 1 | |
| Town Hall | 2 | |
| Workshop | 2 | |
| Arcane Vault | 2 | |
124 total
» build order
00:15 Altar of Kings
00:20 Farm
00:29 Lumber Mill
00:59 Scout Tower
01:19 Farm
01:31 Scout Tower
01:32 Guard Tower
02:04 Scout Tower
02:05 Guard Tower
02:33 Guard Tower
02:35 Scout Tower
02:52 Scout Tower
03:06 Guard Tower
03:33 Scout Tower
03:35 Scout Tower
04:07 Arcane Tower
04:11 Arcane Tower
04:12 Keep
04:15 Blacksmith
04:24 Scout Tower
04:25 Scout Tower
04:26 Scout Tower
04:27 Scout Tower
04:27 Scout Tower
04:33 Scout Tower
05:16 Guard Tower
05:26 Guard Tower
05:49 Guard Tower
05:53 Scout Tower
05:53 Scout Tower
05:54 Scout Tower
05:55 Scout Tower
05:57 Guard Tower
06:39 Guard Tower
06:46 Scout Tower
06:47 Scout Tower
06:49 Guard Tower
06:53 Arcane Sanctum
07:27 Guard Tower
07:57 Guard Tower
07:59 Scout Tower
07:59 Scout Tower
08:00 Scout Tower
08:14 Castle
08:34 Scout Tower
08:47 Town Hall
08:52 Guard Tower
09:13 Guard Tower
09:16 Scout Tower
09:17 Scout Tower
09:31 Scout Tower
09:32 Scout Tower
09:33 Scout Tower
09:34 Scout Tower
09:53 Guard Tower
10:00 Workshop
10:05 Workshop
10:56 Arcane Tower
10:58 Arcane Tower
11:27 Guard Tower
11:59 Scout Tower
12:03 Farm
12:57 Scout Tower
12:59 Farm
13:07 Scout Tower
13:08 Scout Tower
13:10 Scout Tower
13:11 Scout Tower
13:14 Scout Tower
13:16 Scout Tower
13:17 Scout Tower
13:17 Scout Tower
13:22 Scout Tower
13:24 Scout Tower
13:25 Scout Tower
13:25 Scout Tower
14:48 Guard Tower
15:30 Guard Tower
16:30 Guard Tower
24:15 Guard Tower
24:18 Arcane Vault
24:31 Farm
24:31 Farm
24:32 Farm
24:33 Farm
29:39 Scout Tower
29:40 Scout Tower
29:41 Scout Tower
29:42 Scout Tower
29:44 Scout Tower
29:45 Scout Tower
29:46 Scout Tower
29:47 Scout Tower
29:49 Scout Tower
29:49 Scout Tower
29:53 Town Hall
31:20 Guard Tower
31:25 Arcane Vault
31:26 Scout Tower
31:26 Scout Tower
31:27 Scout Tower
31:28 Scout Tower
31:29 Scout Tower
31:30 Scout Tower
31:31 Scout Tower
31:32 Scout Tower
31:33 Scout Tower
31:33 Scout Tower
31:34 Scout Tower
31:35 Scout Tower
31:36 Scout Tower
31:37 Scout Tower
31:38 Scout Tower
31:39 Scout Tower
31:40 Scout Tower
31:42 Scout Tower
31:44 Scout Tower
31:44 Scout Tower
33:01 Guard Tower
33:09 Scout Tower
33:24 Guard Tower
33:30 Guard Tower
43:16 Arcane Tower
» items
| Lesser Clarity Potion | 1 | |
| Staff of Teleportation | 1 | |
| Boots of Speed | 1 | |
| Orb of Lightning | 1 | |
| Mechanical Critter | 3 | |
| Staff of Sanctuary | 2 | |
9 total
GOKUMAN69 (
orange | 39 APM | 5655 actions | 143:27)
6 Mountain King
3 Storm Bolt
2 Bash
1 Avatar
1 Naga Sea Witch
1 Mana Shield
1 Firelord
1 Incinerate
» actions
| Assign group hotkey | 1 | |
| Basic commands | 70 | |
| Build / train | 325 | |
| Enter build submenu | 164 | |
| Enter hero's abilities submenu | 9 | |
| Give item / drop item | 23 | |
| Remove unit from queue | 2 | |
| Right click | 1517 | |
| Select / deselect | 1399 | |
| Use ability | 2140 | |
5655 total
» units
| Peasant | 25 | |
| Dragonhawk Rider | 8 | |
| Goblin Zeppelin | 8 | |
| Gryphon Rider | 10 | |
| Flying Machine | 26 | |
77 total
» upgrades
| Masonry | 3 | |
| Lumber Harvesting | 2 | |
| Magic Sentry | 1 | |
| Sorceress Training | 2 | |
| Swords | 3 | |
| Armor | 3 | |
| Storm Hammers | 1 | |
| Cloud | 1 | |
| Animal War Training | 1 | |
| Flak Cannons | 1 | |
| Flying Machine Bombs | 1 | |
| Fragmentation Shards | 1 | |
| Flare | 1 | |
| Barrage | 1 | |
| Priest Training | 1 | |
| Control Magic | 1 | |
| Defend | 1 | |
| Long Rifles | 1 | |
| Backpack | 1 | |
| Gunpowder | 2 | |
| Plating | 2 | |
31 total
» buildings
| Lumber Mill | 1 | |
| Altar of Kings | 1 | |
| Farm | 6 | |
| Scout Tower | 1729 | |
| Guard Tower | 75 | |
| Arcane Tower | 43 | |
| Keep | 1 | |
| Blacksmith | 1 | |
| Arcane Sanctum | 1 | |
| Gryphon Aviary | 2 | |
| Castle | 1 | |
| Town Hall | 7 | |
| Arcane Vault | 31 | |
| Barracks | 2 | |
| Workshop | 6 | |
1907 total
» build order
00:10 Lumber Mill
00:30 Altar of Kings
00:33 Farm
00:52 Scout Tower
01:07 Scout Tower
01:08 Scout Tower
01:09 Scout Tower
01:10 Scout Tower
01:19 Farm
01:21 Farm
01:33 Guard Tower
01:55 Arcane Tower
01:55 Arcane Tower
02:19 Scout Tower
02:27 Guard Tower
02:36 Guard Tower
02:43 Scout Tower
02:58 Guard Tower
03:01 Scout Tower
03:06 Scout Tower
03:06 Scout Tower
03:08 Scout Tower
03:10 Scout Tower
03:11 Scout Tower
03:14 Guard Tower
03:24 Scout Tower
03:25 Scout Tower
03:28 Arcane Tower
03:28 Arcane Tower
03:31 Scout Tower
03:39 Guard Tower
03:51 Guard Tower
03:58 Guard Tower
04:21 Scout Tower
04:24 Scout Tower
04:26 Guard Tower
04:28 Guard Tower
04:31 Guard Tower
04:33 Keep
04:37 Blacksmith
04:57 Guard Tower
05:45 Scout Tower
05:46 Guard Tower
05:55 Scout Tower
06:07 Farm
06:09 Farm
06:16 Scout Tower
06:17 Guard Tower
06:23 Scout Tower
06:25 Scout Tower
06:27 Scout Tower
06:28 Scout Tower
06:29 Scout Tower
06:32 Guard Tower
06:53 Scout Tower
06:54 Scout Tower
06:55 Scout Tower
06:57 Scout Tower
06:58 Scout Tower
07:20 Guard Tower
07:25 Arcane Sanctum
08:15 Gryphon Aviary
08:17 Gryphon Aviary
08:19 Castle
08:34 Town Hall
08:35 Guard Tower
08:45 Guard Tower
08:47 Scout Tower
08:48 Scout Tower
10:03 Arcane Vault
10:57 Guard Tower
11:43 Scout Tower
11:44 Scout Tower
11:48 Scout Tower
11:50 Scout Tower
11:52 Scout Tower
11:53 Scout Tower
11:54 Scout Tower
11:56 Scout Tower
11:57 Scout Tower
11:59 Scout Tower
12:00 Scout Tower
12:01 Scout Tower
12:02 Scout Tower
12:03 Scout Tower
12:04 Scout Tower
12:05 Scout Tower
12:06 Scout Tower
12:06 Scout Tower
12:58 Scout Tower
12:58 Scout Tower
12:59 Scout Tower
13:00 Scout Tower
13:28 Barracks
14:48 Farm
14:54 Guard Tower
14:58 Barracks
15:37 Scout Tower
15:37 Scout Tower
15:38 Scout Tower
15:39 Scout Tower
15:41 Scout Tower
15:41 Scout Tower
15:45 Scout Tower
15:45 Scout Tower
15:46 Scout Tower
15:47 Scout Tower
15:48 Scout Tower
15:48 Scout Tower
15:49 Scout Tower
15:50 Scout Tower
15:51 Scout Tower
15:52 Scout Tower
15:53 Scout Tower
15:54 Scout Tower
15:54 Scout Tower
15:55 Scout Tower
15:56 Scout Tower
15:57 Scout Tower
15:58 Scout Tower
16:00 Scout Tower
16:02 Scout Tower
16:03 Scout Tower
16:04 Scout Tower
16:05 Scout Tower
16:07 Scout Tower
16:08 Scout Tower
16:09 Scout Tower
16:09 Scout Tower
16:10 Scout Tower
16:11 Scout Tower
16:11 Scout Tower
16:12 Scout Tower
16:14 Scout Tower
16:16 Scout Tower
16:17 Scout Tower
16:19 Scout Tower
16:20 Scout Tower
16:21 Scout Tower
16:22 Scout Tower
16:23 Scout Tower
16:24 Scout Tower
16:24 Scout Tower
16:26 Scout Tower
16:26 Scout Tower
16:28 Scout Tower
16:28 Scout Tower
16:30 Scout Tower
16:31 Scout Tower
16:31 Scout Tower
16:33 Scout Tower
16:36 Scout Tower
16:36 Scout Tower
16:37 Scout Tower
16:38 Scout Tower
16:38 Scout Tower
16:41 Scout Tower
16:42 Scout Tower
16:42 Scout Tower
16:43 Scout Tower
16:43 Scout Tower
16:44 Scout Tower
16:45 Scout Tower
16:46 Scout Tower
16:46 Scout Tower
18:58 Guard Tower
19:00 Guard Tower
19:44 Guard Tower
19:48 Guard Tower
19:51 Guard Tower
20:36 Scout Tower
20:37 Scout Tower
20:39 Scout Tower
20:41 Scout Tower
21:35 Guard Tower
21:40 Town Hall
21:43 Scout Tower
21:44 Scout Tower
21:45 Scout Tower
21:46 Scout Tower
21:47 Scout Tower
21:49 Scout Tower
21:49 Scout Tower
22:09 Guard Tower
22:35 Scout Tower
22:36 Scout Tower
22:38 Scout Tower
22:39 Scout Tower
22:43 Scout Tower
22:44 Scout Tower
22:47 Scout Tower
22:48 Scout Tower
22:51 Scout Tower
22:53 Scout Tower
22:55 Scout Tower
22:56 Scout Tower
23:00 Scout Tower
23:04 Scout Tower
23:33 Guard Tower
23:47 Scout Tower
23:49 Scout Tower
23:50 Scout Tower
23:52 Scout Tower
23:54 Scout Tower
23:55 Scout Tower
23:56 Scout Tower
23:57 Scout Tower
23:58 Scout Tower
23:59 Scout Tower
24:00 Scout Tower
24:01 Scout Tower
24:03 Scout Tower
24:04 Scout Tower
24:18 Guard Tower
24:45 Guard Tower
24:50 Guard Tower
25:01 Guard Tower
25:34 Scout Tower
25:36 Scout Tower
25:39 Scout Tower
25:40 Scout Tower
25:42 Scout Tower
26:02 Guard Tower
26:06 Guard Tower
26:15 Guard Tower
26:52 Guard Tower
27:09 Guard Tower
27:12 Town Hall
27:15 Scout Tower
27:23 Scout Tower
27:26 Scout Tower
27:53 Guard Tower
28:00 Guard Tower
28:05 Town Hall
28:13 Guard Tower
28:18 Guard Tower
28:25 Town Hall
28:44 Scout Tower
28:47 Scout Tower
28:48 Scout Tower
28:49 Scout Tower
28:50 Scout Tower
29:17 Guard Tower
29:19 Guard Tower
29:44 Guard Tower
30:02 Town Hall
30:18 Guard Tower
31:02 Guard Tower
31:05 Guard Tower
31:17 Scout Tower
31:18 Scout Tower
31:20 Scout Tower
31:21 Scout Tower
31:22 Scout Tower
31:24 Scout Tower
31:26 Scout Tower
31:27 Scout Tower
31:28 Scout Tower
31:29 Scout Tower
31:30 Scout Tower
31:32 Scout Tower
31:33 Scout Tower
31:34 Scout Tower
31:36 Scout Tower
31:37 Scout Tower
31:38 Scout Tower
31:39 Scout Tower
32:14 Guard Tower
32:18 Arcane Tower
32:30 Guard Tower
32:55 Guard Tower
34:39 Guard Tower
34:53 Guard Tower
35:45 Guard Tower
36:26 Guard Tower
37:12 Town Hall
37:15 Guard Tower
37:28 Guard Tower
37:50 Guard Tower
38:34 Guard Tower
38:51 Arcane Tower
39:46 Guard Tower
42:40 Guard Tower
43:29 Arcane Tower
43:41 Arcane Tower
44:27 Guard Tower
45:29 Arcane Vault
45:30 Arcane Vault
45:31 Arcane Vault
45:32 Arcane Vault
45:34 Arcane Vault
45:35 Arcane Vault
45:36 Arcane Vault
45:37 Arcane Vault
45:39 Arcane Vault
45:40 Arcane Vault
45:42 Arcane Vault
45:43 Arcane Vault
45:45 Arcane Vault
45:46 Arcane Vault
45:47 Arcane Vault
46:16 Arcane Vault
46:22 Arcane Vault
46:23 Arcane Vault
46:24 Arcane Vault
46:25 Arcane Vault
46:26 Arcane Vault
46:27 Arcane Vault
46:29 Arcane Vault
46:30 Arcane Vault
47:02 Arcane Vault
47:03 Arcane Vault
47:04 Arcane Vault
47:05 Arcane Vault
47:07 Arcane Vault
47:08 Arcane Vault
48:24 Guard Tower
49:12 Scout Tower
49:13 Scout Tower
49:14 Scout Tower
49:15 Scout Tower
49:16 Scout Tower
49:17 Scout Tower
49:18 Scout Tower
49:19 Scout Tower
49:20 Scout Tower
49:21 Scout Tower
49:22 Scout Tower
49:23 Scout Tower
49:24 Scout Tower
49:25 Scout Tower
49:27 Scout Tower
49:28 Scout Tower
49:30 Scout Tower
49:31 Scout Tower
49:31 Scout Tower
49:33 Scout Tower
49:33 Scout Tower
49:35 Scout Tower
49:36 Scout Tower
49:37 Scout Tower
49:38 Scout Tower
49:39 Scout Tower
49:40 Scout Tower
51:28 Scout Tower
51:30 Scout Tower
51:31 Scout Tower
51:32 Scout Tower
51:33 Scout Tower
51:34 Scout Tower
51:36 Scout Tower
51:38 Scout Tower
51:40 Scout Tower
52:18 Guard Tower
52:20 Scout Tower
52:22 Scout Tower
52:23 Scout Tower
52:25 Scout Tower
52:26 Scout Tower
52:28 Scout Tower
52:29 Scout Tower
52:33 Scout Tower
52:34 Scout Tower
52:35 Scout Tower
52:38 Scout Tower
52:39 Scout Tower
52:40 Scout Tower
52:41 Scout Tower
52:43 Scout Tower
52:45 Scout Tower
52:45 Scout Tower
52:46 Scout Tower
52:48 Scout Tower
52:49 Scout Tower
52:50 Scout Tower
52:50 Scout Tower
52:52 Scout Tower
52:53 Scout Tower
52:54 Scout Tower
52:55 Scout Tower
52:56 Scout Tower
52:58 Scout Tower
52:59 Scout Tower
53:00 Scout Tower
53:02 Scout Tower
53:03 Scout Tower
53:04 Scout Tower
53:05 Scout Tower
53:06 Scout Tower
53:08 Scout Tower
53:09 Scout Tower
53:10 Scout Tower
53:11 Scout Tower
53:13 Scout Tower
53:14 Scout Tower
53:17 Guard Tower
53:21 Arcane Tower
53:25 Arcane Tower
53:28 Arcane Tower
53:40 Scout Tower
53:41 Scout Tower
53:43 Scout Tower
53:44 Scout Tower
53:45 Scout Tower
53:46 Scout Tower
53:47 Scout Tower
53:48 Scout Tower
53:49 Scout Tower
53:50 Scout Tower
53:51 Scout Tower
53:53 Scout Tower
53:54 Scout Tower
53:55 Scout Tower
53:56 Scout Tower
53:58 Scout Tower
53:59 Scout Tower
54:00 Scout Tower
54:01 Scout Tower
54:02 Scout Tower
54:07 Arcane Tower
54:14 Arcane Tower
54:14 Arcane Tower
54:28 Scout Tower
54:29 Scout Tower
54:30 Scout Tower
54:31 Scout Tower
54:32 Scout Tower
54:32 Scout Tower
54:34 Scout Tower
54:35 Scout Tower
54:36 Scout Tower
54:38 Scout Tower
54:39 Scout Tower
54:40 Scout Tower
54:42 Scout Tower
54:43 Scout Tower
54:45 Scout Tower
54:46 Scout Tower
54:53 Scout Tower
54:54 Scout Tower
54:55 Scout Tower
54:56 Scout Tower
54:58 Scout Tower
54:59 Scout Tower
55:04 Arcane Tower
55:06 Arcane Tower
55:08 Arcane Tower
55:08 Arcane Tower
55:23 Scout Tower
55:24 Scout Tower
55:25 Scout Tower
55:26 Scout Tower
55:27 Scout Tower
55:29 Scout Tower
55:30 Scout Tower
55:31 Scout Tower
55:36 Scout Tower
55:38 Scout Tower
55:41 Scout Tower
55:43 Scout Tower
55:44 Scout Tower
55:46 Scout Tower
55:47 Scout Tower
55:48 Scout Tower
55:53 Arcane Tower
55:56 Guard Tower
56:01 Guard Tower
56:02 Guard Tower
56:55 Arcane Tower
57:11 Arcane Tower
57:15 Arcane Tower
57:18 Scout Tower
57:19 Scout Tower
57:21 Scout Tower
57:22 Scout Tower
57:23 Scout Tower
57:24 Scout Tower
57:26 Scout Tower
57:27 Scout Tower
57:28 Scout Tower
57:29 Scout Tower
57:30 Scout Tower
57:31 Scout Tower
57:34 Scout Tower
57:35 Scout Tower
57:36 Scout Tower
57:37 Scout Tower
57:38 Scout Tower
57:39 Scout Tower
57:41 Scout Tower
57:41 Scout Tower
57:42 Scout Tower
57:43 Scout Tower
57:44 Scout Tower
57:45 Scout Tower
57:53 Guard Tower
58:00 Scout Tower
58:01 Scout Tower
58:02 Scout Tower
58:03 Scout Tower
58:05 Scout Tower
58:06 Scout Tower
58:07 Scout Tower
58:09 Scout Tower
58:10 Scout Tower
58:11 Scout Tower
58:12 Scout Tower
58:13 Scout Tower
58:14 Scout Tower
58:16 Scout Tower
58:17 Scout Tower
58:18 Scout Tower
58:19 Scout Tower
58:20 Scout Tower
58:22 Scout Tower
58:23 Scout Tower
58:26 Scout Tower
58:27 Scout Tower
58:29 Scout Tower
58:38 Arcane Tower
59:31 Arcane Tower
59:35 Arcane Tower
59:36 Arcane Tower
59:40 Scout Tower
59:40 Scout Tower
59:41 Scout Tower
59:42 Scout Tower
59:43 Scout Tower
59:44 Scout Tower
59:45 Scout Tower
59:46 Scout Tower
59:47 Scout Tower
59:48 Scout Tower
59:48 Scout Tower
59:50 Scout Tower
59:51 Scout Tower
59:52 Scout Tower
59:53 Scout Tower
59:54 Scout Tower
59:55 Scout Tower
60:46 Guard Tower
61:10 Arcane Tower
61:14 Scout Tower
61:18 Scout Tower
61:44 Arcane Tower
61:47 Guard Tower
61:50 Scout Tower
61:51 Scout Tower
61:53 Scout Tower
61:54 Scout Tower
61:56 Scout Tower
61:57 Scout Tower
62:03 Guard Tower
62:15 Guard Tower
62:59 Scout Tower
63:00 Scout Tower
63:02 Scout Tower
63:03 Scout Tower
63:03 Scout Tower
63:04 Scout Tower
63:58 Arcane Tower
63:59 Arcane Tower
64:03 Scout Tower
64:03 Scout Tower
64:05 Scout Tower
64:06 Scout Tower
64:07 Scout Tower
64:08 Scout Tower
64:09 Scout Tower
65:14 Arcane Tower
65:14 Arcane Tower
65:18 Scout Tower
65:19 Scout Tower
65:20 Scout Tower
65:22 Scout Tower
65:23 Scout Tower
65:23 Scout Tower
65:24 Scout Tower
65:24 Scout Tower
65:25 Scout Tower
65:25 Scout Tower
65:25 Scout Tower
65:25 Scout Tower
65:26 Scout Tower
65:26 Scout Tower
65:26 Scout Tower
65:26 Scout Tower
65:27 Scout Tower
65:27 Scout Tower
65:27 Scout Tower
65:27 Scout Tower
65:28 Scout Tower
65:28 Scout Tower
65:28 Scout Tower
65:28 Scout Tower
65:29 Scout Tower
65:29 Scout Tower
65:29 Scout Tower
65:29 Scout Tower
65:30 Scout Tower
65:30 Scout Tower
65:30 Scout Tower
65:31 Scout Tower
65:31 Scout Tower
65:31 Scout Tower
65:31 Scout Tower
65:32 Scout Tower
65:32 Scout Tower
65:32 Scout Tower
65:32 Scout Tower
65:33 Scout Tower
65:34 Scout Tower
65:34 Scout Tower
65:35 Scout Tower
65:35 Scout Tower
65:35 Scout Tower
65:35 Scout Tower
65:36 Scout Tower
65:36 Scout Tower
65:36 Scout Tower
65:37 Scout Tower
65:37 Scout Tower
65:37 Scout Tower
65:38 Scout Tower
65:38 Scout Tower
65:38 Scout Tower
65:39 Scout Tower
65:39 Scout Tower
65:39 Scout Tower
65:40 Scout Tower
65:40 Scout Tower
65:40 Scout Tower
65:40 Scout Tower
65:41 Scout Tower
65:41 Scout Tower
65:41 Scout Tower
65:42 Scout Tower
65:42 Scout Tower
65:42 Scout Tower
65:42 Scout Tower
65:43 Scout Tower
65:43 Scout Tower
65:43 Scout Tower
65:44 Scout Tower
65:44 Scout Tower
65:44 Scout Tower
65:45 Scout Tower
65:45 Scout Tower
65:46 Scout Tower
65:46 Scout Tower
65:46 Scout Tower
65:46 Scout Tower
65:47 Scout Tower
65:47 Scout Tower
65:47 Scout Tower
65:48 Scout Tower
65:48 Scout Tower
65:48 Scout Tower
65:48 Scout Tower
65:49 Scout Tower
65:49 Scout Tower
65:50 Scout Tower
65:50 Scout Tower
65:50 Scout Tower
65:50 Scout Tower
65:51 Scout Tower
65:51 Scout Tower
65:52 Scout Tower
65:52 Scout Tower
65:52 Scout Tower
65:52 Scout Tower
65:53 Scout Tower
65:53 Scout Tower
65:53 Scout Tower
65:54 Scout Tower
65:54 Scout Tower
65:54 Scout Tower
65:55 Scout Tower
65:55 Scout Tower
65:56 Scout Tower
65:56 Scout Tower
65:56 Scout Tower
65:57 Scout Tower
65:57 Scout Tower
65:58 Scout Tower
65:58 Scout Tower
65:58 Scout Tower
65:59 Scout Tower
65:59 Scout Tower
65:59 Scout Tower
65:59 Scout Tower
66:00 Scout Tower
66:00 Scout Tower
66:01 Scout Tower
66:01 Scout Tower
66:01 Scout Tower
66:01 Scout Tower
66:02 Scout Tower
66:02 Scout Tower
66:03 Scout Tower
66:04 Scout Tower
66:04 Scout Tower
66:04 Scout Tower
66:05 Scout Tower
66:07 Scout Tower
66:07 Scout Tower
66:08 Scout Tower
66:08 Scout Tower
66:09 Scout Tower
66:09 Scout Tower
66:10 Scout Tower
66:11 Scout Tower
66:12 Scout Tower
66:12 Scout Tower
66:12 Scout Tower
66:13 Scout Tower
66:14 Scout Tower
66:14 Scout Tower
66:15 Scout Tower
66:16 Scout Tower
66:16 Scout Tower
66:17 Scout Tower
66:19 Scout Tower
66:19 Scout Tower
66:19 Scout Tower
66:20 Scout Tower
66:20 Scout Tower
66:20 Scout Tower
66:21 Scout Tower
66:21 Scout Tower
66:22 Scout Tower
66:22 Scout Tower
66:22 Scout Tower
66:24 Scout Tower
66:25 Scout Tower
66:26 Scout Tower
66:27 Scout Tower
66:27 Scout Tower
66:28 Scout Tower
66:28 Scout Tower
66:29 Scout Tower
66:29 Scout Tower
66:30 Scout Tower
66:30 Scout Tower
66:30 Scout Tower
66:31 Scout Tower
66:31 Scout Tower
66:32 Scout Tower
66:33 Scout Tower
66:33 Scout Tower
66:33 Scout Tower
66:34 Scout Tower
66:34 Scout Tower
66:34 Scout Tower
66:35 Scout Tower
66:35 Scout Tower
66:37 Scout Tower
66:37 Scout Tower
66:43 Scout Tower
66:44 Scout Tower
66:44 Scout Tower
66:49 Scout Tower
66:50 Scout Tower
66:50 Scout Tower
66:51 Scout Tower
66:51 Scout Tower
66:52 Scout Tower
66:53 Scout Tower
66:53 Scout Tower
66:53 Scout Tower
66:54 Scout Tower
66:54 Scout Tower
66:54 Scout Tower
66:57 Scout Tower
66:58 Scout Tower
66:59 Scout Tower
66:59 Scout Tower
67:00 Scout Tower
67:01 Scout Tower
67:02 Scout Tower
67:03 Scout Tower
67:03 Scout Tower
67:04 Scout Tower
67:04 Scout Tower
67:04 Scout Tower
67:05 Scout Tower
67:05 Scout Tower
67:06 Scout Tower
67:06 Scout Tower
67:07 Scout Tower
67:07 Scout Tower
67:08 Scout Tower
67:08 Scout Tower
67:09 Scout Tower
67:09 Scout Tower
67:10 Scout Tower
67:14 Scout Tower
67:14 Scout Tower
67:15 Scout Tower
67:15 Scout Tower
67:15 Scout Tower
67:16 Scout Tower
67:16 Scout Tower
67:16 Scout Tower
67:17 Scout Tower
67:17 Scout Tower
67:17 Scout Tower
67:18 Scout Tower
67:18 Scout Tower
67:18 Scout Tower
67:19 Scout Tower
67:19 Scout Tower
67:20 Scout Tower
67:20 Scout Tower
67:21 Scout Tower
67:21 Scout Tower
67:21 Scout Tower
67:22 Scout Tower
67:22 Scout Tower
67:22 Scout Tower
67:23 Scout Tower
69:06 Scout Tower
69:07 Scout Tower
69:07 Scout Tower
69:07 Scout Tower
69:07 Scout Tower
69:08 Scout Tower
69:08 Scout Tower
69:08 Scout Tower
69:09 Scout Tower
69:09 Scout Tower
69:09 Scout Tower
69:10 Scout Tower
69:10 Scout Tower
69:10 Scout Tower
69:10 Scout Tower
69:11 Scout Tower
69:11 Scout Tower
69:11 Scout Tower
69:11 Scout Tower
69:12 Scout Tower
69:12 Scout Tower
69:12 Scout Tower
69:12 Scout Tower
69:13 Scout Tower
69:13 Scout Tower
69:13 Scout Tower
69:13 Scout Tower
69:14 Scout Tower
69:14 Scout Tower
69:14 Scout Tower
69:14 Scout Tower
69:15 Scout Tower
69:15 Scout Tower
69:15 Scout Tower
69:15 Scout Tower
69:16 Scout Tower
69:16 Scout Tower
69:17 Scout Tower
69:17 Scout Tower
69:17 Scout Tower
69:18 Scout Tower
69:18 Scout Tower
69:19 Scout Tower
69:19 Scout Tower
69:19 Scout Tower
69:20 Scout Tower
69:20 Scout Tower
69:20 Scout Tower
69:21 Scout Tower
69:21 Scout Tower
69:22 Scout Tower
69:22 Scout Tower
69:22 Scout Tower
69:22 Scout Tower
69:23 Scout Tower
69:23 Scout Tower
69:23 Scout Tower
69:28 Scout Tower
69:28 Scout Tower
69:28 Scout Tower
69:28 Scout Tower
69:29 Scout Tower
69:29 Scout Tower
69:29 Scout Tower
69:30 Scout Tower
69:30 Scout Tower
69:30 Scout Tower
69:30 Scout Tower
69:31 Scout Tower
69:31 Scout Tower
69:31 Scout Tower
69:32 Scout Tower
69:32 Scout Tower
69:32 Scout Tower
69:33 Scout Tower
69:33 Scout Tower
69:33 Scout Tower
69:33 Scout Tower
69:34 Scout Tower
69:34 Scout Tower
69:34 Scout Tower
69:35 Scout Tower
69:36 Scout Tower
69:36 Scout Tower
69:37 Scout Tower
69:38 Scout Tower
69:38 Scout Tower
69:38 Scout Tower
69:38 Scout Tower
69:39 Scout Tower
69:39 Scout Tower
69:39 Scout Tower
69:40 Scout Tower
69:40 Scout Tower
69:40 Scout Tower
69:41 Scout Tower
69:41 Scout Tower
69:42 Scout Tower
69:42 Scout Tower
69:42 Scout Tower
69:42 Scout Tower
69:43 Scout Tower
69:44 Scout Tower
69:44 Scout Tower
69:45 Scout Tower
69:45 Scout Tower
69:46 Scout Tower
69:46 Scout Tower
69:46 Scout Tower
69:47 Scout Tower
69:47 Scout Tower
69:47 Scout Tower
69:48 Scout Tower
69:48 Scout Tower
69:49 Scout Tower
69:49 Scout Tower
69:49 Scout Tower
69:50 Scout Tower
69:50 Scout Tower
69:50 Scout Tower
69:50 Scout Tower
70:15 Scout Tower
70:16 Scout Tower
70:17 Scout Tower
70:18 Scout Tower
70:20 Scout Tower
70:21 Scout Tower
70:23 Scout Tower
70:24 Scout Tower
70:26 Scout Tower
70:29 Scout Tower
70:30 Scout Tower
70:31 Scout Tower
70:32 Scout Tower
70:33 Scout Tower
70:35 Scout Tower
70:36 Scout Tower
70:38 Scout Tower
70:39 Scout Tower
70:41 Scout Tower
70:43 Scout Tower
70:46 Scout Tower
70:49 Scout Tower
70:50 Scout Tower
70:51 Scout Tower
70:53 Scout Tower
71:33 Scout Tower
71:35 Scout Tower
71:35 Scout Tower
71:36 Scout Tower
71:37 Scout Tower
71:37 Scout Tower
71:38 Scout Tower
71:38 Scout Tower
71:39 Scout Tower
71:39 Scout Tower
71:39 Scout Tower
71:40 Scout Tower
71:41 Scout Tower
71:42 Scout Tower
71:42 Scout Tower
71:43 Scout Tower
71:43 Scout Tower
71:44 Scout Tower
71:45 Scout Tower
71:45 Scout Tower
71:46 Scout Tower
71:47 Scout Tower
73:21 Scout Tower
73:23 Scout Tower
73:29 Scout Tower
73:32 Scout Tower
73:33 Scout Tower
73:35 Scout Tower
73:37 Scout Tower
73:39 Scout Tower
73:41 Scout Tower
73:43 Scout Tower
73:44 Scout Tower
73:46 Scout Tower
73:49 Scout Tower
73:51 Scout Tower
73:53 Scout Tower
73:58 Scout Tower
74:00 Scout Tower
74:04 Scout Tower
74:22 Scout Tower
74:22 Scout Tower
74:23 Scout Tower
74:23 Scout Tower
74:24 Scout Tower
74:24 Scout Tower
74:24 Scout Tower
74:25 Scout Tower
74:26 Scout Tower
74:27 Scout Tower
74:29 Scout Tower
74:32 Scout Tower
74:33 Scout Tower
74:35 Scout Tower
74:36 Scout Tower
74:37 Scout Tower
74:38 Scout Tower
74:40 Scout Tower
74:41 Scout Tower
74:43 Scout Tower
74:44 Scout Tower
74:45 Scout Tower
74:47 Scout Tower
74:52 Scout Tower
74:52 Scout Tower
74:52 Scout Tower
74:53 Scout Tower
74:53 Scout Tower
74:54 Scout Tower
74:54 Scout Tower
74:54 Scout Tower
74:55 Scout Tower
74:55 Scout Tower
74:56 Scout Tower
74:56 Scout Tower
74:57 Scout Tower
74:57 Scout Tower
74:58 Scout Tower
74:59 Scout Tower
74:59 Scout Tower
75:00 Scout Tower
75:00 Scout Tower
75:01 Scout Tower
75:02 Scout Tower
75:02 Scout Tower
75:03 Scout Tower
75:04 Scout Tower
75:05 Scout Tower
75:05 Scout Tower
75:07 Scout Tower
75:08 Scout Tower
75:10 Scout Tower
75:10 Scout Tower
75:10 Scout Tower
75:11 Scout Tower
75:11 Scout Tower
75:11 Scout Tower
75:12 Scout Tower
75:12 Scout Tower
75:13 Scout Tower
75:13 Scout Tower
75:14 Scout Tower
75:14 Scout Tower
75:14 Scout Tower
75:15 Scout Tower
75:15 Scout Tower
75:16 Scout Tower
75:16 Scout Tower
75:17 Scout Tower
75:17 Scout Tower
75:17 Scout Tower
75:18 Scout Tower
75:18 Scout Tower
75:18 Scout Tower
75:18 Scout Tower
75:19 Scout Tower
75:19 Scout Tower
75:20 Scout Tower
75:20 Scout Tower
75:20 Scout Tower
75:21 Scout Tower
75:21 Scout Tower
75:21 Scout Tower
75:21 Scout Tower
75:24 Scout Tower
75:25 Scout Tower
75:26 Scout Tower
75:27 Scout Tower
75:27 Scout Tower
75:27 Scout Tower
75:28 Scout Tower
75:28 Scout Tower
75:29 Scout Tower
75:33 Scout Tower
75:33 Scout Tower
75:33 Scout Tower
75:34 Scout Tower
75:34 Scout Tower
75:34 Scout Tower
75:35 Scout Tower
75:35 Scout Tower
75:35 Scout Tower
75:36 Scout Tower
75:36 Scout Tower
75:36 Scout Tower
75:36 Scout Tower
75:37 Scout Tower
75:37 Scout Tower
75:37 Scout Tower
75:39 Scout Tower
75:39 Scout Tower
75:39 Scout Tower
75:39 Scout Tower
75:40 Scout Tower
75:40 Scout Tower
75:40 Scout Tower
75:40 Scout Tower
75:41 Scout Tower
75:41 Scout Tower
75:42 Scout Tower
75:42 Scout Tower
75:42 Scout Tower
75:43 Scout Tower
75:43 Scout Tower
75:43 Scout Tower
75:44 Scout Tower
75:45 Scout Tower
75:46 Scout Tower
75:46 Scout Tower
75:47 Scout Tower
75:49 Scout Tower
75:50 Scout Tower
75:51 Scout Tower
75:53 Scout Tower
75:53 Scout Tower
75:54 Scout Tower
75:56 Scout Tower
75:56 Scout Tower
75:57 Scout Tower
75:58 Scout Tower
75:58 Scout Tower
75:59 Scout Tower
76:00 Scout Tower
76:01 Scout Tower
76:01 Scout Tower
76:03 Scout Tower
76:05 Scout Tower
76:07 Scout Tower
76:08 Scout Tower
76:09 Scout Tower
76:13 Scout Tower
76:18 Scout Tower
76:19 Scout Tower
76:21 Scout Tower
76:21 Scout Tower
76:22 Scout Tower
76:22 Scout Tower
76:22 Scout Tower
76:23 Scout Tower
76:23 Scout Tower
76:23 Scout Tower
76:23 Scout Tower
76:24 Scout Tower
76:24 Scout Tower
76:25 Scout Tower
76:25 Scout Tower
76:25 Scout Tower
76:25 Scout Tower
76:26 Scout Tower
76:26 Scout Tower
76:28 Scout Tower
76:28 Scout Tower
76:28 Scout Tower
76:28 Scout Tower
76:30 Scout Tower
76:30 Scout Tower
76:30 Scout Tower
76:30 Scout Tower
76:31 Scout Tower
76:32 Scout Tower
76:33 Scout Tower
76:33 Scout Tower
76:34 Scout Tower
76:34 Scout Tower
76:35 Scout Tower
76:36 Scout Tower
76:36 Scout Tower
76:37 Scout Tower
76:37 Scout Tower
76:38 Scout Tower
76:39 Scout Tower
76:40 Scout Tower
76:41 Scout Tower
76:41 Scout Tower
76:42 Scout Tower
76:43 Scout Tower
76:44 Scout Tower
78:27 Arcane Tower
78:29 Arcane Tower
78:30 Guard Tower
80:41 Workshop
80:41 Workshop
80:42 Workshop
80:43 Workshop
80:44 Workshop
80:45 Workshop
82:03 Scout Tower
82:04 Scout Tower
82:04 Scout Tower
82:06 Scout Tower
82:07 Scout Tower
82:09 Scout Tower
82:10 Scout Tower
82:11 Scout Tower
82:13 Scout Tower
82:14 Scout Tower
82:59 Scout Tower
82:59 Scout Tower
83:00 Scout Tower
83:02 Scout Tower
83:02 Scout Tower
83:02 Scout Tower
83:03 Scout Tower
83:04 Scout Tower
83:04 Scout Tower
83:05 Scout Tower
83:06 Scout Tower
83:07 Scout Tower
83:07 Scout Tower
83:08 Scout Tower
83:10 Scout Tower
83:10 Scout Tower
83:13 Scout Tower
83:15 Scout Tower
83:15 Scout Tower
83:16 Scout Tower
83:16 Scout Tower
83:16 Scout Tower
83:17 Scout Tower
83:18 Scout Tower
83:18 Scout Tower
83:21 Scout Tower
83:21 Scout Tower
83:21 Scout Tower
83:22 Scout Tower
83:23 Scout Tower
83:24 Scout Tower
83:25 Scout Tower
83:25 Scout Tower
83:25 Scout Tower
83:26 Scout Tower
83:26 Scout Tower
83:29 Scout Tower
83:31 Scout Tower
83:31 Scout Tower
83:32 Scout Tower
83:32 Scout Tower
83:33 Scout Tower
83:33 Scout Tower
83:33 Scout Tower
83:34 Scout Tower
83:34 Scout Tower
83:35 Scout Tower
83:35 Scout Tower
83:35 Scout Tower
83:36 Scout Tower
83:36 Scout Tower
83:37 Scout Tower
83:37 Scout Tower
83:37 Scout Tower
83:38 Scout Tower
83:40 Scout Tower
83:40 Scout Tower
83:41 Scout Tower
83:41 Scout Tower
83:42 Scout Tower
83:42 Scout Tower
83:42 Scout Tower
83:45 Scout Tower
83:45 Scout Tower
83:46 Scout Tower
83:46 Scout Tower
83:48 Scout Tower
83:48 Scout Tower
83:48 Scout Tower
83:48 Scout Tower
83:49 Scout Tower
83:50 Scout Tower
83:50 Scout Tower
83:51 Scout Tower
83:51 Scout Tower
83:52 Scout Tower
83:52 Scout Tower
83:53 Scout Tower
83:53 Scout Tower
83:53 Scout Tower
83:54 Scout Tower
83:55 Scout Tower
83:55 Scout Tower
83:55 Scout Tower
83:56 Scout Tower
83:56 Scout Tower
83:57 Scout Tower
83:58 Scout Tower
83:59 Scout Tower
83:59 Scout Tower
84:00 Scout Tower
84:01 Scout Tower
84:02 Scout Tower
84:03 Scout Tower
84:03 Scout Tower
84:04 Scout Tower
84:04 Scout Tower
84:06 Scout Tower
84:06 Scout Tower
84:07 Scout Tower
84:08 Scout Tower
84:09 Scout Tower
84:10 Scout Tower
84:14 Scout Tower
84:15 Scout Tower
84:16 Scout Tower
84:17 Scout Tower
84:18 Scout Tower
84:20 Scout Tower
84:21 Scout Tower
84:23 Scout Tower
84:24 Scout Tower
84:25 Scout Tower
84:27 Scout Tower
84:27 Scout Tower
84:28 Scout Tower
84:28 Scout Tower
84:29 Scout Tower
84:29 Scout Tower
84:30 Scout Tower
84:30 Scout Tower
84:30 Scout Tower
84:31 Scout Tower
84:31 Scout Tower
84:31 Scout Tower
84:32 Scout Tower
84:32 Scout Tower
84:33 Scout Tower
84:33 Scout Tower
84:34 Scout Tower
84:34 Scout Tower
84:34 Scout Tower
84:35 Scout Tower
84:35 Scout Tower
84:35 Scout Tower
84:36 Scout Tower
84:36 Scout Tower
84:37 Scout Tower
84:38 Scout Tower
84:38 Scout Tower
84:39 Scout Tower
84:39 Scout Tower
85:09 Scout Tower
85:09 Scout Tower
85:09 Scout Tower
85:11 Scout Tower
85:11 Scout Tower
85:12 Scout Tower
85:12 Scout Tower
85:13 Scout Tower
85:13 Scout Tower
85:13 Scout Tower
85:14 Scout Tower
85:14 Scout Tower
85:16 Scout Tower
85:16 Scout Tower
85:17 Scout Tower
85:17 Scout Tower
85:18 Scout Tower
85:19 Scout Tower
85:19 Scout Tower
85:20 Scout Tower
85:20 Scout Tower
85:21 Scout Tower
85:22 Scout Tower
85:23 Scout Tower
85:23 Scout Tower
85:23 Scout Tower
86:58 Scout Tower
86:59 Scout Tower
87:00 Scout Tower
87:00 Scout Tower
87:01 Scout Tower
87:01 Scout Tower
87:01 Scout Tower
87:02 Scout Tower
87:02 Scout Tower
87:03 Scout Tower
87:03 Scout Tower
87:04 Scout Tower
87:04 Scout Tower
87:05 Scout Tower
87:06 Scout Tower
87:06 Scout Tower
87:07 Scout Tower
87:07 Scout Tower
87:08 Scout Tower
87:09 Scout Tower
87:09 Scout Tower
87:09 Scout Tower
87:10 Scout Tower
87:10 Scout Tower
87:10 Scout Tower
87:11 Scout Tower
87:11 Scout Tower
87:12 Scout Tower
87:13 Scout Tower
87:13 Scout Tower
87:14 Scout Tower
87:14 Scout Tower
87:15 Scout Tower
87:15 Scout Tower
87:16 Scout Tower
87:16 Scout Tower
87:17 Scout Tower
87:17 Scout Tower
87:18 Scout Tower
87:18 Scout Tower
87:19 Scout Tower
87:19 Scout Tower
87:19 Scout Tower
87:20 Scout Tower
87:20 Scout Tower
87:21 Scout Tower
87:21 Scout Tower
87:22 Scout Tower
87:22 Scout Tower
87:23 Scout Tower
87:23 Scout Tower
87:24 Scout Tower
87:24 Scout Tower
87:25 Scout Tower
87:26 Scout Tower
87:27 Scout Tower
87:27 Scout Tower
87:28 Scout Tower
87:28 Scout Tower
87:29 Scout Tower
87:29 Scout Tower
87:30 Scout Tower
87:31 Scout Tower
87:31 Scout Tower
87:32 Scout Tower
87:33 Scout Tower
87:33 Scout Tower
87:33 Scout Tower
87:34 Scout Tower
87:35 Scout Tower
87:35 Scout Tower
87:36 Scout Tower
87:36 Scout Tower
87:37 Scout Tower
87:37 Scout Tower
87:38 Scout Tower
87:39 Scout Tower
87:39 Scout Tower
87:39 Scout Tower
87:40 Scout Tower
87:41 Scout Tower
87:41 Scout Tower
87:42 Scout Tower
87:42 Scout Tower
87:43 Scout Tower
87:44 Scout Tower
87:44 Scout Tower
87:45 Scout Tower
87:45 Scout Tower
87:46 Scout Tower
87:46 Scout Tower
87:47 Scout Tower
88:13 Scout Tower
88:14 Scout Tower
88:14 Scout Tower
88:15 Scout Tower
88:15 Scout Tower
88:16 Scout Tower
88:17 Scout Tower
88:18 Scout Tower
88:18 Scout Tower
88:19 Scout Tower
88:19 Scout Tower
88:20 Scout Tower
88:21 Scout Tower
88:22 Scout Tower
88:22 Scout Tower
88:23 Scout Tower
88:24 Scout Tower
88:25 Scout Tower
88:25 Scout Tower
88:26 Scout Tower
88:27 Scout Tower
88:28 Scout Tower
88:29 Scout Tower
88:29 Scout Tower
88:30 Scout Tower
88:31 Scout Tower
88:31 Scout Tower
88:32 Scout Tower
88:33 Scout Tower
88:33 Scout Tower
88:34 Scout Tower
88:34 Scout Tower
88:35 Scout Tower
88:36 Scout Tower
88:36 Scout Tower
88:37 Scout Tower
88:37 Scout Tower
88:38 Scout Tower
88:39 Scout Tower
88:39 Scout Tower
88:40 Scout Tower
88:40 Scout Tower
88:41 Scout Tower
88:41 Scout Tower
88:42 Scout Tower
88:42 Scout Tower
88:43 Scout Tower
88:43 Scout Tower
88:44 Scout Tower
88:45 Scout Tower
88:45 Scout Tower
88:47 Scout Tower
88:48 Scout Tower
88:49 Scout Tower
88:49 Scout Tower
88:50 Scout Tower
88:51 Scout Tower
88:52 Scout Tower
88:52 Scout Tower
88:53 Scout Tower
88:58 Scout Tower
88:58 Scout Tower
88:59 Scout Tower
88:59 Scout Tower
89:00 Scout Tower
89:01 Scout Tower
89:02 Scout Tower
89:02 Scout Tower
89:03 Scout Tower
89:03 Scout Tower
89:04 Scout Tower
89:04 Scout Tower
89:05 Scout Tower
89:06 Scout Tower
89:07 Scout Tower
89:07 Scout Tower
89:08 Scout Tower
89:09 Scout Tower
89:10 Scout Tower
89:10 Scout Tower
89:11 Scout Tower
89:25 Guard Tower
92:13 Scout Tower
92:14 Scout Tower
92:15 Scout Tower
92:16 Scout Tower
92:16 Scout Tower
92:17 Scout Tower
92:18 Scout Tower
92:19 Scout Tower
92:20 Scout Tower
92:20 Scout Tower
92:21 Scout Tower
92:21 Scout Tower
92:23 Scout Tower
92:23 Scout Tower
92:24 Scout Tower
92:25 Scout Tower
92:25 Scout Tower
92:27 Scout Tower
92:28 Scout Tower
92:29 Scout Tower
92:30 Scout Tower
92:31 Scout Tower
92:32 Scout Tower
92:33 Scout Tower
92:34 Scout Tower
92:35 Scout Tower
92:35 Scout Tower
92:36 Scout Tower
92:36 Scout Tower
92:37 Scout Tower
92:38 Scout Tower
92:39 Scout Tower
92:39 Scout Tower
92:40 Scout Tower
92:41 Scout Tower
92:46 Scout Tower
92:47 Scout Tower
92:48 Scout Tower
92:49 Scout Tower
92:49 Scout Tower
92:54 Scout Tower
92:55 Scout Tower
92:56 Scout Tower
92:56 Scout Tower
92:57 Scout Tower
92:59 Scout Tower
93:00 Scout Tower
93:02 Scout Tower
93:04 Scout Tower
93:04 Scout Tower
93:05 Scout Tower
93:59 Scout Tower
94:00 Scout Tower
94:02 Scout Tower
94:03 Scout Tower
94:04 Scout Tower
94:05 Scout Tower
94:06 Scout Tower
94:07 Scout Tower
94:07 Scout Tower
94:08 Scout Tower
94:09 Scout Tower
94:10 Scout Tower
94:11 Scout Tower
94:11 Scout Tower
94:13 Scout Tower
94:14 Scout Tower
94:14 Scout Tower
94:16 Scout Tower
94:17 Scout Tower
94:19 Scout Tower
94:21 Scout Tower
94:22 Scout Tower
94:23 Scout Tower
94:24 Scout Tower
94:25 Scout Tower
94:25 Scout Tower
94:26 Scout Tower
94:27 Scout Tower
94:28 Scout Tower
94:28 Scout Tower
94:29 Scout Tower
94:29 Scout Tower
94:30 Scout Tower
94:37 Scout Tower
94:38 Scout Tower
94:39 Scout Tower
94:40 Scout Tower
94:41 Scout Tower
94:41 Scout Tower
94:42 Scout Tower
94:42 Scout Tower
94:43 Scout Tower
94:44 Scout Tower
94:45 Scout Tower
94:45 Scout Tower
94:46 Scout Tower
94:46 Scout Tower
95:37 Scout Tower
95:37 Scout Tower
95:38 Scout Tower
95:38 Scout Tower
95:39 Scout Tower
95:39 Scout Tower
95:40 Scout Tower
95:41 Scout Tower
95:41 Scout Tower
95:46 Scout Tower
95:47 Scout Tower
95:47 Scout Tower
95:48 Scout Tower
95:49 Scout Tower
95:49 Scout Tower
95:49 Scout Tower
95:51 Scout Tower
95:51 Scout Tower
95:52 Scout Tower
95:54 Scout Tower
95:54 Scout Tower
95:55 Scout Tower
95:56 Scout Tower
95:57 Scout Tower
95:58 Scout Tower
95:58 Scout Tower
95:59 Scout Tower
96:00 Scout Tower
96:01 Scout Tower
96:02 Scout Tower
96:03 Scout Tower
96:04 Scout Tower
96:05 Scout Tower
96:06 Scout Tower
96:08 Scout Tower
96:09 Scout Tower
96:09 Scout Tower
96:10 Scout Tower
96:10 Scout Tower
96:11 Scout Tower
96:12 Scout Tower
96:15 Scout Tower
96:15 Scout Tower
96:16 Scout Tower
96:17 Scout Tower
96:18 Scout Tower
96:19 Scout Tower
96:20 Scout Tower
96:22 Scout Tower
96:22 Scout Tower
96:23 Scout Tower
96:24 Scout Tower
96:25 Scout Tower
96:25 Scout Tower
96:26 Scout Tower
96:27 Scout Tower
96:27 Scout Tower
96:27 Scout Tower
96:28 Scout Tower
96:29 Scout Tower
96:31 Scout Tower
98:08 Scout Tower
98:10 Scout Tower
98:13 Scout Tower
98:16 Scout Tower
98:19 Scout Tower
98:20 Scout Tower
98:21 Scout Tower
98:24 Scout Tower
98:28 Scout Tower
98:30 Scout Tower
98:32 Scout Tower
98:33 Scout Tower
98:35 Scout Tower
98:35 Scout Tower
98:37 Scout Tower
98:39 Scout Tower
98:40 Scout Tower
98:42 Scout Tower
98:42 Scout Tower
98:44 Scout Tower
98:45 Scout Tower
101:39 Scout Tower
101:40 Scout Tower
101:41 Scout Tower
101:42 Scout Tower
101:48 Scout Tower
101:50 Scout Tower
101:52 Scout Tower
101:57 Scout Tower
102:00 Scout Tower
102:01 Scout Tower
102:31 Scout Tower
102:34 Scout Tower
102:38 Scout Tower
102:39 Scout Tower
102:41 Scout Tower
102:42 Scout Tower
102:43 Scout Tower
102:45 Scout Tower
102:48 Scout Tower
102:51 Scout Tower
103:03 Scout Tower
103:08 Scout Tower
103:09 Scout Tower
103:10 Scout Tower
103:14 Scout Tower
103:14 Scout Tower
103:15 Scout Tower
103:17 Scout Tower
103:18 Scout Tower
103:19 Scout Tower
103:20 Scout Tower
103:20 Scout Tower
103:21 Scout Tower
103:21 Scout Tower
103:23 Scout Tower
103:24 Scout Tower
103:24 Scout Tower
103:25 Scout Tower
103:28 Scout Tower
103:29 Scout Tower
103:37 Scout Tower
103:38 Scout Tower
103:42 Scout Tower
103:43 Scout Tower
103:45 Scout Tower
103:46 Scout Tower
103:48 Scout Tower
103:49 Scout Tower
103:50 Scout Tower
104:01 Scout Tower
106:42 Scout Tower
106:44 Scout Tower
106:47 Scout Tower
106:48 Scout Tower
106:50 Scout Tower
108:17 Scout Tower
108:19 Scout Tower
108:20 Scout Tower
108:50 Scout Tower
109:12 Scout Tower
109:45 Scout Tower
110:32 Scout Tower
116:21 Scout Tower
132:24 Scout Tower
139:26 Scout Tower
139:28 Scout Tower
139:33 Scout Tower
139:36 Scout Tower
139:38 Scout Tower
139:40 Scout Tower
139:41 Scout Tower
140:04 Scout Tower
140:05 Scout Tower
140:07 Scout Tower
140:25 Scout Tower
140:27 Scout Tower
140:35 Scout Tower
140:44 Scout Tower
» items
| Boots of Speed | 2 | |
| Staff of Teleportation | 2 | |
| Orb of Lightning | 1 | |
| Healing Salve | 1 | |
| Lesser Clarity Potion | 1 | |
| Scroll of Town Portal | 1 | |
| Mechanical Critter | 65 | |
| Ivory Tower | 10 | |
83 total
HERNANDO (
purple | 27 APM | 3890 actions | 143:31)
6 Warden
3 Shadow Strike
2 Blink
1 Spirit of Vengeance
3 Keeper of the Grove
1 Entangling Roots
1 Force of Nature
1 Thorns Aura
1 Goblin Alchemist
1 Healing Spray
» actions
| Assign group hotkey | 6 | |
| Basic commands | 350 | |
| Build / train | 177 | |
| Enter build submenu | 41 | |
| Enter hero's abilities submenu | 10 | |
| Give item / drop item | 2 | |
| Remove unit from queue | 18 | |
| Right click | 1727 | |
| Select / deselect | 1130 | |
| Select group hotkey | 106 | |
| Use ability | 314 | |
3890 total
» units
| Wisp | 90 | |
| Chimaera | 3 | |
| Druid of the Talon | 3 | |
| Giant Sea Turtle | 2 | |
| Blue Dragon | 2 | |
| Mur'gul Snarecaster | 1 | |
| Makrura Snapper | 1 | |
| Blue Drake | 1 | |
| Blue Dragon Whelp | 1 | |
| Archer | 4 | |
| Goblin Shredder | 1 | |
| Goblin Zeppelin | 3 | |
| Glaive Thrower | 1 | |
113 total
» upgrades
| Well Spring | 1 | |
| Ultravision | 1 | |
| Corrosive Breath | 1 | |
| Druid of the Talon Training | 2 | |
| Strength of the Wild | 3 | |
| Reinforced Hides | 3 | |
| Nature's Blessing | 1 | |
| Backpack | 1 | |
| Improved Bows | 1 | |
| Marksmanship | 1 | |
| Sentinel | 1 | |
| Upgrade Moon Glaive | 1 | |
| Vorpal Blades | 1 | |
| Moon Armor | 2 | |
| Strength of the Moon | 2 | |
| Abolish Magic | 1 | |
| Druid of the Claw Training | 1 | |
| Resistant Skin | 1 | |
| Hardened Skin | 1 | |
26 total
» buildings
| Altar of Elders | 1 | |
| Moon Well | 19 | |
| Tree of Ages | 2 | |
| Hunter's Hall | 1 | |
| Ancient of Wind | 1 | |
| Tree of Eternity | 1 | |
| Ancient of Wonders | 2 | |
| Chimaera Roost | 2 | |
| Tree of Life | 3 | |
| Ancient of War | 12 | |
| Ancient of Lore | 1 | |
| Ancient Protector | 1 | |
46 total
» build order
00:12 Altar of Elders
00:18 Moon Well
02:03 Moon Well
02:12 Moon Well
02:59 Moon Well
03:30 Moon Well
05:02 Moon Well
06:00 Moon Well
06:59 Moon Well
07:18 Tree of Ages
07:59 Hunter's Hall
08:17 Moon Well
09:59 Moon Well
10:01 Moon Well
10:06 Moon Well
10:07 Moon Well
10:08 Moon Well
10:10 Moon Well
11:29 Ancient of Wind
13:01 Tree of Eternity
15:00 Ancient of Wonders
15:29 Chimaera Roost
15:31 Chimaera Roost
16:41 Moon Well
16:42 Moon Well
16:43 Moon Well
16:44 Moon Well
26:09 Tree of Life
65:49 Tree of Ages
66:01 Tree of Life
76:33 Ancient of War
76:35 Ancient of War
76:44 Ancient of War
76:46 Ancient of War
76:49 Ancient of War
76:51 Ancient of War
76:57 Ancient of War
76:59 Ancient of War
77:01 Ancient of War
77:02 Ancient of War
77:04 Ancient of War
77:05 Ancient of War
84:24 Ancient of Lore
85:25 Tree of Life
86:26 Ancient of Wonders
86:34 Ancient Protector
» items
| Orb of Venom | 1 | |
| Staff of Teleportation | 3 | |
| Potion of Healing | 1 | |
| Tiny Great Hall | 1 | |
6 total
Chat log
(00:11 / All) CoCaiN[e]: forgot we were searching
(00:15 / All) HERNANDO: dont talk bitch
(00:17 / All) GOKUMAN69: thats ok
(13:50 / All) GOKUMAN69: Gg noobs
(18:10 / All) GOKUMAN69: Gg
(18:34 / All) CoCaiN[e]: hmm
(18:38 / All) GOKUMAN69: noob
(18:42 / All) HERNANDO: Clan NEW is owned again
(18:48 / All) CoCaiN[e]: clan new?
(18:54 / All) HERNANDO: STFU
(19:07 / All) CoCaiN[e]: since no manner i go afk
(20:38 / All) HERNANDO: nice job lying
(20:51 / All) HERNANDO: Cocaine.. or should i say... FIBBER MCGEE
(21:19 / Allies) erz: im laggin
(22:11 / All) HERNANDO: pretty sure afk ppl dont do that
(25:44 / Allies) erz: llllol
(43:55 / Allies) erz: im JK
(79:18 / Allies) erz: wellll afk a while
(106:19 / Allies) erz: yeah
(107:22 / Allies) GapInTheTooth: All Clan towa and TwT replays available at www.highper.ch
(115:32 / Allies) erz: what
(115:36 / Allies) erz: i have
(115:37 / Allies) erz: 30 gold
(115:49 / Allies) erz: and im high upkeep anyway'
(115:55 / Allies) erz: does that affect pillage
(131:48 / Allies) erz: yeas
(131:58 / Allies) erz: neutral ones
(132:31 / Allies) erz: i remember in campaign you had to bolt boats with mk